 Dungeon Crawl Stone Soup version 0.29-a0-668-g12ee2bf84d (console) character file.

Game seed: 8744373763266995907

9 om the Insei (level 2, -1/21 HPs)
             Began as a Merfolk Transmuter on June 23, 2022.
             Slain by a kobold
             ... wielding a +0 short sword
              (5 damage)
             ... on level 1 of the Dungeon.
             The game lasted 00:01:15 (407 turns).

om the Insei (Merfolk Transmuter)                    Turns: 407, Time: 00:01:16

Health: -1/21      AC:  2    Str: 10    XL:     2   Next: 16%
Magic:  5/5        EV: 12    Int: 12    God:
Gold:   11         SH:  0    Dex: 14    Spells: 4/5 levels left

rFire   . . .      SeeInvis .     - Unarmed
rCold   . . .      Faith    .   (no shield)
rNeg    . . .      Spirit   .   a - +0 robe
rPois   .          Reflect  .   (no helmet)
rElec   .          Harm     .   (no cloak)
rCorr   .          Rampage  .   (no gloves)
Will    .....                   (no boots)
Stlth   +.........              (no amulet)
HPRegen 0.07/turn               (no ring)
MPRegen 0.09/turn               (no ring)

@: no status effects
A: (nimble swimmer 2), mertail
a: no special abilities


You were on level 1 of the Dungeon.
You visited 1 branch of the dungeon, and saw 1 of its levels.

You collected 11 gold pieces.

Inventory:

Armour
 a - a +0 robe (worn)
Jewellery
 d - a ring of resist corrosion
Scrolls
 c - a scroll of fog {unknown}
 e - 3 scrolls of vulnerability {unknown}
Potions
 b - a potion of lignification


   Skills:
 - Level 1.1 Fighting
 - Level 2.6 Dodging
 * Level 4.0 Unarmed Combat
 - Level 2.0 Spellcasting
 - Level 2.6 Transmutations


You had 4 spell levels left.
You knew the following spells:

 Your Spells              Type           Power      Damage    Failure   Level
a - Beastly Appendage     Tmut           14%        N/A       9%          1

Your spell library contained the following spells:

 Spells                   Type           Power      Damage    Failure   Level
 Wereblood                Tmut           7%         N/A       14%         2
 Spider Form              Tmut/Pois      4%         N/A       43%         3
 Ice Form                 Ice/Tmut       4%         N/A       83%         4


Dungeon Overview and Level Annotations

Branches:
Dungeon (1/15)

Altars:


Innate Abilities, Weirdness & Mutations

((You are very nimble when in or above water. (Stealth+, EV+, Speed+++)))
Your lower body shifts to a powerful aquatic tail in water.


Message History

You kill the bat!
Your transformation is almost over.
You are too injured to fight recklessly!
Your magical contamination has completely faded away.
You see here a bat corpse.
You are too injured to fight recklessly!
Things that are here:
a jackal corpse; a jackal corpse You swing at nothing.
You start resting.
Your horns disappear.
Magic restored.
You start resting.
HP restored.
You see here a bat corpse.
An endoplasm comes into view.
A kobold comes into view. It is wielding a +0 short sword.
The kobold shouts!
The endoplasm quivers.
The endoplasm freezes you.
You are frozen.
There's something in the way.
The kobold hits you with a +0 short sword.
You hit the endoplasm.
You kill the endoplasm!
The kobold hits you with a +0 short sword.
Your Unarmed Combat skill increases to level 4!
You are too injured to fight recklessly!
You are too injured to fight recklessly!
You barely miss the kobold. The kobold barely misses you.
Unknown command.
You hit the kobold but do no damage. The kobold closely misses you.
You closely miss the kobold.
The kobold hits you with a +0 short sword.
* * * LOW HITPOINT WARNING * * *
You hit the kobold but do no damage. The kobold closely misses you.
You hit the kobold.
The kobold is heavily wounded.
The kobold hits you with a +0 short sword.
You die...

..#.#.#.# ##^....+#.. .
..#.# # ##...###.#.#
..#.# #. .... ..#.# ##
##. ... #.#.#
...##..##.#.# #.#.#
..........#=#.# #.#..
............... ..#.#
......K........
..#.#######.####@#.#.#..
..#.........####.#......
#..................#.# .
..#.#######.##.#.#.#.#.
....# #.##..........
....# #.##.#.#.#.#..
#...# #####.##.........
....###..††......#.#.###
........###...........#


You could see a kobold.

Vanquished Creatures
  An endoplasm (D:1)
  4 jackals (D:1)
  3 bats (D:1)
8 creatures vanquished.

Notes
Turn   | Place    | Note
-------+----------+-------------------------------------------
     0 | D:1      | om the Merfolk Transmuter began the quest for the Orb.
     0 | D:1      | Reached XP level 1. HP: 15/15 MP: 3/3
   192 | D:1      | Reached XP level 2. HP: 10/21 MP: 5/5
   403 | D:1      | Reached skill level 4 in Unarmed Combat
   407 | D:1      | Slain by a kobold

Illustrated notes

Levels and vault maps discovered:
D:1:      lemuel_arrival_rhombus, layout_basic

Skill      XL: |  1  2 |
---------------+-------+-----
Unarmed Combat | 4 |  4.0
Fighting       | |  1.1
Dodging        | |  2.6
Spellcasting   | |  2.0
Transmutations | |  2.6

Action                   || total
-------------------------++-------
Melee: Unarmed           ||    37
       Headbutt          ||     4
       Punch             ||     1
 Cast: Beastly Appendage ||     5
Armor: Robe              ||    15
Dodge: Dodged            ||    45

Table legend: (Time is in decaauts)
 A = Elapsed time spent in this place.
 B = Non-inter-level travel time spent in this place.
 C = Inter-level travel time spent in this place.
 D = Time resting spent in this place.
 E = Time spent auto-exploring this place.
 F = Levels seen in this place.
 G = Mean time per level.
                   A        B        C        D        E       F      G
               +--------+--------+--------+--------+--------+-----+--------+
         Total |    404 |    404 |      0 |    177 |    151 |   1 |  404.0 |
       Dungeon |    404 |    404 |      0 |    177 |    151 |   1 |  404.0 |
               +--------+--------+--------+--------+--------+-----+--------+

Top non-repeatable levels by time:
     D:1: 404 daAuts
